 Dungeon Crawl Stone Soup version 0.17-a0-1840-g87820a2 (webtiles) character file.

6580 shakdrar the Grappler (level 10, -2/102 HPs)
             Began as a Troll Warper on Sept 16, 2015.
             Was a Priest of Makhleb.
             Incinerated by a smoke demon (9 damage)
             ... with a sticky flame
             ... on level 10 of the Dungeon.
             The game lasted 00:36:02 (8138 turns).

shakdrar the Grappler (Troll Warper)                Turns: 8138, Time: 00:36:03

Health: -2/102     AC:  7    Str: 18    XL:     10   Next: 71%
Magic:  3/11       EV: 10    Int: 16    God:    Makhleb [***...]
Gold:   436        SH:  0    Dex: 15    Spells: 2 memorised, 8 levels left

rFire  . . .     SeeInvis .       - Unarmed
rCold  . . .     Clarity  .     a - +1 robe
rNeg   + . .     SustAt   .     (no shield)
rPois  +         Gourm    +     (helmet restricted)
rElec  .         Spirit   .     v - +0 cloak
rCorr  .         Warding  .     (gloves unavailable)
rMut   +         Stasis   .     (boots unavailable)
MR     .....                    t - amulet of resist mutation
Stlth  +.........               r - ring "Jyhain" {rPois rN+ Str-3 Int+6 Dex+4}
                                m - ring of flight

@: liquid flames, glowing, not resistant to hostile enchantments, very
unstealthy
A: unfitting armour, claws 3, fast metabolism 3, gourmand, poison resistance,
regeneration 2, shaggy fur 1, tough skin 2
a: Minor Destruction, Lesser Servant of Makhleb, Renounce Religion, Evoke Flight


You were on level 10 of the Dungeon.
You worshipped Makhleb.
Makhleb was most pleased with you.
You were not hungry.

You visited 2 branches of the dungeon, and saw 11 of its levels.

You collected 436 gold pieces.

Inventory:

Hand weapons
 y - a cursed -1 blowgun
 J - a +0 blowgun
Missiles
 d - 5 tomahawks of dispersal (quivered)
 g - 67 poisoned needles
 D - 4 tomahawks of returning
 K - 10 curare-tipped needles
Armour
 a - a +1 robe (worn)
 v - a +0 cloak (worn)
Jewellery
 m - a ring of flight (left claw)
 r - the ring "Jyhain" (right claw) {rPois rN+ Str-3 Int+6 Dex+4}
   (You found it on level 4 of the Dungeon)

   [ring of positive energy]

   It affects your strength (-3).
   It affects your intelligence (+6).
   It affects your dexterity (+4).
   It protects you from poison.
   It protects you from negative energy.
 t - an amulet of resist mutation (around neck)
 x - a cursed ring of teleportation
 z - a +2 ring of protection
 A - an uncursed amulet of regeneration
 C - an uncursed amulet of rage
Magical devices
 u - a wand of magic darts (23)
 w - a wand of polymorph (9)
 B - a wand of slowing (21)
 F - a wand of cold (7)
Scrolls
 c - 4 scrolls of blinking
 h - 3 scrolls of identify
 i - 5 scrolls of remove curse
 j - 2 scrolls of fog
 k - 2 scrolls of enchant armour
 q - 4 scrolls of teleportation
 H - a scroll of enchant weapon {unknown}
 L - a scroll of recharging {unknown}
Potions
 n - a potion of curing
 p - a potion of berserk rage
 s - 2 potions of resistance
Books
 b - a book of Spatial Translocations

   Spells                             Type                      Level
   a - Apportation                    Translocation                1
   b - Blink                          Translocation                2
   c - Shroud of Golubria             Charms/Translocation         2
   d - Portal Projectile              Translocation                3
   e - Teleport Other                 Translocation                3
   f - Passage of Golubria            Translocation                4
 G - a book of Dreams

   Spells                             Type                      Level
   a - Ensorcelled Hibernation        Hexes/Ice                    2
   b - Phase Shift                    Translocation                5
   c - Shadow Creatures               Summoning                    5
   d - Silence                        Hexes/Air                    5
   e - Darkness                       Hexes                        6
   f - Mass Confusion                 Hexes                        6
Comestibles
 e - 7 bread rations
 f - 5 meat rations
 l - 9 slices of pizza
 o - 3 beef jerkies


   Skills:
 + Level 7.1 Fighting
 - Level 0.8 Throwing
 - Level 2.1 Dodging
 - Level 11.0 Unarmed Combat
 - Level 1.4 Spellcasting
 - Level 7.2 Translocations


You had 8 spell levels left.
You knew the following spells:

 Your Spells              Type           Power        Failure   Level  Hunger
a - Apportation           Tloc           ###.......   1%          1    ##.....
b - Blink                 Tloc           N/A          1%          2    ###....


Dungeon Overview and Level Annotations

Branches:
Dungeon (10/15)            Temple (1/1) D:7             Orc (0/4) D:10
   Lair: D:8-11

Altars:
Ashenzari
Cheibriados
Dithmenos
Elyvilon
Gozag
Kikubaaqudgha
Makhleb
Nemelex Xobeh
Okawaru
Qazlal
Ru
Sif Muna
Trog
Vehumet
Yredelemnul
Zin
The Shining One

Annotations:
D:2 Crazy Yiuf


Innate Abilities, Weirdness & Mutations

You are too large for most types of armour.
You have claws for hands.
Your metabolism is lightning-fast.
You like to eat raw meat.
You heal very quickly.
You are covered in fur (AC +1).
You have very tough skin (AC +2).
Your system is resistant to poisons.


Message History

Casting: Blink
Confirm with . or Enter, or press ? or * to list all spells.
You blink.
Casting: Blink
Confirm with . or Enter, or press ? or * to list all spells.
You blink.
Casting: Blink
Confirm with . or Enter, or press ? or * to list all spells.
You blink.
Casting: Blink
Confirm with . or Enter, or press ? or * to list all spells.
You blink.
The smoke demon gestures at you. The sticky flame hits you!
You are covered in liquid flames!
* * * LOW HITPOINT WARNING * * *
You are covered in liquid flames!
* * * LOW HITPOINT WARNING * * *
You are covered in liquid flames!
You die...

.. #.(.....ยง#
#...Z....#
..##...Z.o..#
#......Z....#
####..3o<...#
####.##### #..##
##..# ##@# . #.# #.
#######'### #.#####
#.........# ....(.#
#.........#
......####.........#
...(..#..'.....)...#
........##.........#
......########'#####


You could see a smoke demon, an orc warrior and an ogre zombie.

Vanquished Creatures
  Sonja (D:10)
  The ghost of shakdrar the Destroyer, an experienced DECj of Vehumet (D:8)
  Grinder (D:5)
  A human (D:7)
  A hippogriff (D:10)
  2 hungry ghosts (D:10)
  A hog (D:7)
  Menkaure (D:5)
  2 steam dragons (D:7)
  A soldier ant (D:10)
  5 sky beasts
  4 orc warriors
  3 phantoms
  7 ogres
  A centaur (D:4)
  A crocodile (D:8)
  A big kobold (D:7)
  A giant frog (D:7)
  3 scorpions
  6 killer bees (D:5)
  A troll zombie (D:10)
  2 electric eels (D:7)
  11 wights
  A centaur zombie (D:8)
  A giant frog zombie (D:6)
  A crimson imp (D:6)
  6 orc wizards
  8 orc priests
  A gnoll shaman (D:7)
  A giant frog skeleton (D:6)
  3 hounds
  2 iguanas
  5 worker ants
  3 sheep (D:7)
  2 ogre zombies (D:10)
  A worker ant zombie (D:5)
  8 adders
  4 gnolls (D:7)
  A shadow imp (D:8)
  2 oozes
  A worm (D:3)
  An adder skeleton (D:4)
  5 giant geckos
  29 orcs
  A ball python (D:6)
  2 giant cockroaches
  10 goblins
  7 hobgoblins
  4 jackals (D:1)
  14 kobolds
  3 quokkas
  4 bats
  A giant gecko zombie (D:8)
  5 giant newts
  A goblin skeleton (D:10)
  A goblin zombie (D:10)
  2 hobgoblin skeletons (D:10)
  A jackal zombie (D:5)
  5 orc zombies (D:10)
  5 rats
210 creatures vanquished.

Notes
Turn   | Place    | Note
--------------------------------------------------------------
     0 | D:1      | shakdrar the Troll Warper began the quest for the Orb.
     0 | D:1      | Reached XP level 1. HP: 19/19 MP: 1/1
   251 | D:1      | Reached XP level 2. HP: 27/27 MP: 3/3
  1230 | D:1      | Reached XP level 3. HP: 35/35 MP: 4/4
  1750 | D:2      | Noticed Crazy Yiuf
  1921 | D:3      | Reached XP level 4. HP: 44/44 MP: 5/5
  2001 | D:3      | Reached skill level 3 in Unarmed Combat
  2099 | D:3      | Found a faded altar to an unknown god.
  2505 | D:3      | Reached XP level 5. HP: 53/53 MP: 6/6
  2745 | D:4      | Found a sparkling altar of Nemelex Xobeh.
  2791 | D:4      | Reached skill level 4 in Unarmed Combat
  2827 | D:4      | Gained mutation: You are resistant to electric shocks. [potion of beneficial mutation]
  2871 | D:4      | Found a deep blue altar of Sif Muna.
  2988 | D:4      | Noticed a centaur
  3000 | D:4      | Killed a centaur
  3000 | D:4      | Reached skill level 5 in Unarmed Combat
  3000 | D:4      | Reached XP level 6. HP: 19/61 MP: 7/7
  3141 | D:4      | Got a bound glass ring
  3149 | D:4      | Identified the ring "Jyhain" {rPois rN+ Str-3 Int+6 Dex+4} (You found it on level 4 of the Dungeon)
  3247 | D:4      | Noticed an ogre
  3256 | D:4      | Killed an ogre
  3256 | D:4      | Reached skill level 6 in Unarmed Combat
  3430 | D:5      | Entered Level 5 of the Dungeon
  3507 | D:5      | Noticed Menkaure
  3515 | D:5      | Killed Menkaure
  3515 | D:5      | Reached XP level 7. HP: 26/67 MP: 8/8
  3632 | D:5      | Reached skill level 7 in Unarmed Combat
  3832 | D:5      | Reached skill level 8 in Unarmed Combat
  3879 | D:5      | Noticed Grinder
  3880 | D:5      | Paralysed by Grinder for 6 turns
  3891 | D:5      | Killed Grinder
  3891 | D:5      | Reached XP level 8. HP: 62/75 MP: 9/9
  3912 | D:5      | Gained mutation: Your magical capacity is low (-10% MP). [potion of mutation]
  3912 | D:5      | Gained mutation: You are weak. (Str -2) [potion of mutation]
  3913 | D:5      | Gained mutation: You are partially covered in rugged brown scales (AC +1, +3% HP). [potion of mutation]
  3913 | D:5      | Gained mutation: You possess an exceptional clarity of mind. [potion of mutation]
  3913 | D:5      | Gained mutation: Your system is resistant to poisons. [potion of mutation]
  4293 | D:5      | Learned a level 2 spell: Blink
  4309 | D:5      | Reached skill level 5 in Translocations
  4818 | D:6      | Reached XP level 9. HP: 62/83 MP: 9/9
  5137 | D:6      | Lost mutation: You are weak. (Str -2) [potion of cure mutation]
  5137 | D:6      | Lost mutation: You are resistant to electric shocks. [potion of cure mutation]
  5137 | D:6      | Lost mutation: You possess an exceptional clarity of mind. [potion of cure mutation]
  5137 | D:6      | Lost mutation: Your magical capacity is low (-10% MP). [potion of cure mutation]
  5137 | D:6      | Lost mutation: You are partially covered in rugged brown scales (AC +1, +3% HP). [potion of cure mutation]
  5693 | D:7      | Found a staircase to the Ecumenical Temple.
  5702 | Temple   | Entered the Ecumenical Temple
  5727 | Temple   | Became a worshipper of Makhleb the Destroyer
  6050 | D:7      | Reached skill level 9 in Unarmed Combat
  6602 | D:7      | Reached skill level 10 in Unarmed Combat
  6667 | D:7      | Acquired Makhleb's first power
  6786 | D:8      | Found a stormy altar of Qazlal.
  6786 | D:8      | Noticed shakdrar's ghost (experienced DECj)
  6853 | D:8      | Reached XP level 10. HP: 84/91 MP: 11/11
  7030 | D:8      | Reached skill level 11 in Unarmed Combat
  7088 | D:8      | Found a white marble altar of Elyvilon.
  7106 | D:8      | Killed shakdrar's ghost
  7289 | D:8      | Found a glowing golden altar of the Shining One.
  7329 | D:8      | Found a bloodstained altar of Trog.
  7422 | D:8      | Acquired Makhleb's second power
  7739 | D:9      | Reached skill level 5 in Fighting
  7778 | D:9      | Noticed an eight-headed hydra
  7796 | D:10     | Entered Level 10 of the Dungeon
  7815 | D:10     | Noticed Sonja
  7822 | D:10     | Killed Sonja
  8088 | D:10     | Acquired Makhleb's third power
  8112 | D:10     | Found a staircase to the Orcish Mines.
  8138 | D:10     | Incinerated by a smoke demon

Vault maps used:
D:1:      saegor_arrival_simple_e
D:2:      uniq_crazy_yiuf_cottage, uniq_iyjb
D:3:      ecumenical_altar_1
D:4:      lemuel_round_altar, nemelex_xobeh_ov_fountains_minmay
D:5:      first_bread, eino_small_chamber_without_monster, uniq_grinder,
          uniq_menkaure
D:7:      kennysheep_steamy, minmay_temple_entry_statues_fountains,
          grunt_livestock, kennysheep_path_1
D:8:      nicolae_overflow_quartered_altars, minmay_orc_keep
D:9:      old_standard_altar, spider_trap
D:10:     zombieorc2_lemuel, grunt_tough_drop, uniq_sonja
Temple:   circular_temple_13

Action                   |  1- 3 |  4- 6 |  7- 9 | 10-12 || total
-------------------------+-------+-------+-------+-------++-------
Melee: Unarmed           |   135 |   105 |   349 |   192 ||   781
 Cast: Blink             |       |       |     5 |     7 ||    12
Invok: Minor Destruction |       |       |       |     2 ||     2
       Lesser Servant of |       |       |       |     1 ||     1
  Use: Scroll            |     5 |     2 |     4 |     3 ||    14
       Potion            |     4 |     2 |     7 |     1 ||    14
  Eat: Chunk             |    23 |    11 |    26 |    16 ||    76
       Bread ration      |       |       |     1 |       ||     1
       Fruit             |       |       |       |     2 ||     2
       Meat ration       |       |       |       |     1 ||     1
